 Dungeon Crawl Stone Soup version 0.30-a0-696-g2367cd04db (webtiles) character file.

Game seed: 5494532883626617564

1241 nucleargodhead the Carver (level 8, -2/114 (117) HPs)
             Began as a Minotaur Berserker on Jan 20, 2023.
             Was a Priest of Trog.
             Slain by a bullfrog zombie (6 damage)
             ... on level 6 of the Dungeon.
             The game lasted 00:04:42 (4097 turns).

nucleargodhead the Carver (Minotaur Berserker)      Turns: 4097, Time: 00:04:42

HP:   -2/114 (117)  AC:  5    Str: 23    XL:     8   Next: 25%
MP:   7/7           EV: 11    Int:  4    God:    Trog [***...]
Gold: 196           SH:  0    Dex: 17    Spells: 7/7 levels left

rFire   . . .      SeeInvis .    w - +4 long sword
rCold   . . .      Faith    .    (no shield)
rNeg    + . .      Spirit   .    f - +0 ring mail
rPois   .          Reflect  .    (helmet restricted)
rElec   .          Harm     .    (no cloak)
rCorr   .          Rampage  .    (no gloves)
Will    .....                    (no boots) Stlth
                                 (no amulet)
HPRegen 0.39/turn                l - +6 ring of dexterity
MPRegen 0.10/turn                s - ring of positive energy

@: berserking, lightly drained, very quick
A: horns 2, retaliatory headbutt
a: Renounce Religion, Berserk, Trog's Hand


You were on level 6 of the Dungeon.
You worshipped Trog.
Trog was most pleased with you.
You visited 1 branch of the dungeon, and saw 6 of its levels.

You collected 196 gold pieces.

Inventory:

Hand Weapons
 a - a +0 falchion
 w - a +4 long sword (weapon)
Armour
 b - a +0 animal skin
 f - a +0 ring mail (worn)
Jewellery
 l - a +6 ring of dexterity (left hand)
 s - a ring of positive energy (right hand)
Scrolls
 c - 4 scrolls of fear {unknown}
 k - a scroll of immolation {unknown}
 m - a scroll of fog {unknown}
 o - a scroll of identify {unknown}
 q - a scroll of enchant weapon {unknown}
 r - a scroll of poison {unknown}
 t - a scroll of blinking {unknown}
 u - 2 scrolls of noise {unknown}
 v - a scroll of amnesia {unknown}
Potions
 d - a potion of flight {unknown}
 e - 2 potions of curing {unknown}
 g - 2 potions of haste {unknown}
 h - a potion of brilliance {unknown}
 i - a potion of might {unknown}
 j - a potion of invisibility {unknown}
 n - 5 potions of heal wounds {unknown}
 p - a potion of magic {unknown}


   Skills:
 + Level 9.2 Fighting
 + Level 9.2 Long Blades
 - Level 2.4 Armour
 - Level 2.1 Dodging


You had 7 spell levels left.
You didn't know any spells.
Your spell library was empty.

Dungeon Overview and Level Annotations

Branches:
Dungeon (6/15)             Temple (0/1) D:4

Altars:
Fedhas
The Shining One


Innate Abilities, Weirdness & Mutations

You have a pair of horns on your head.
You reflexively headbutt those who attack you in melee.


Message History

The bullfrog zombie hits you.
You closely miss the phantom.
The phantom is heavily damaged.
The killer bee zombie misses you.
You slash the phantom!
The phantom is almost destroyed.
The killer bee zombie barely misses you.
The bullfrog zombie hits you but does no damage.
The wight hits you from afar with a +0 halberd!
* * * LOW HITPOINT WARNING * * *
You partially resist.
You feel drained.
* * * LOW HITPOINT WARNING * * *
The phantom barely misses you. You furiously retaliate!
You headbutt the phantom!
You destroy the phantom!
Trog accepts your kill.
The killer bee zombie hits you but does no damage.
Your life force feels restored.
The bullfrog zombie barely misses you. You furiously retaliate!
You headbutt the bullfrog zombie! The wyvern skeleton bites you!
* * * LOW HITPOINT WARNING * * *
The killer bee zombie hits you but does no damage.
Items here: )) [[.
You slash the wight!
The wight is severely damaged.
The wight hits you with a +0 halberd!
* * * LOW HITPOINT WARNING * * *
You partially resist.
You feel drained.
* * * LOW HITPOINT WARNING * * *
The bullfrog zombie hits you.
* * * LOW HITPOINT WARNING * * *
The wyvern skeleton bites you but does no damage.
The killer bee zombie closely misses you.
You furiously retaliate!
You headbutt the killer bee zombie! You slash the wight!
You destroy the wight!
Trog accepts your kill.
The killer bee zombie barely misses you.
The bullfrog zombie hits you.
You die...

#...........$......
#...................
############....... # .
#........#..
#.....##....
#........P..
###.#########$.8.......P
.......<...##..ZZ...PP.P
..............)@...#
.........=..##Z#####
..........z.##.
...............
...............
..............#
...........#### ..


You could see a bullfrog zombie, a killer bee zombie and a wyvern skeleton.

Vanquished Creatures
  Grinder (D:4)
  A centaur (D:5)
  3 phantoms
  A scorpion (D:5)
  4 wights
  A howler monkey (D:5)
  2 hounds (D:4)
  A jelly (D:3)
  Terence (D:2)
  3 iguanas (D:5)
  2 orc wizards (D:5)
  3 gnolls (D:4)
  12 adders
  A worm (D:3)
  10 orcs
  12 ball pythons
  6 endoplasms
  2 giant cockroaches
  6 goblins
  9 hobgoblins
  6 jackals (D:3)
  8 kobolds
  3 quokkas
  6 bats
  A frilled lizard (D:1)
  8 rats
113 creatures vanquished.

Vanquished Creatures (others)
  An orc wizard (D:5)
1 creature vanquished.

Grand Total: 114 creatures vanquished

Notes
Turn   | Place    | Note
-------+----------+-------------------------------------------
     0 | D:1      | nucleargodhead the Minotaur Berserker began the quest for
                  | the Orb.
     0 | D:1      | Reached XP level 1. HP: 19/19 MP: 0/0
   186 | D:1      | Reached XP level 2. HP: 27/27 MP: 1/1
   874 | D:2      | Found a faded altar of an unknown god.
  1023 | D:2      | Reached XP level 3. HP: 33/34 MP: 2/2
  1223 | D:2      | Noticed Terence
  1233 | D:2      | Killed Terence
  1319 | D:2      | Reached ** piety under Trog
  1653 | D:3      | Reached skill level 5 in Fighting
  1653 | D:3      | Reached skill level 5 in Long Blades
  1653 | D:3      | Reached XP level 4. HP: 40/42 MP: 3/3
  1995 | D:3      | Reached XP level 5. HP: 48/48 MP: 4/4
  2279 | D:4      | Noticed Grinder
  2285 | D:4      | Killed Grinder
  2286 | D:4      | Reached XP level 6. HP: 58/58 MP: 5/5
  2405 | D:4      | Found a staircase to the Ecumenical Temple.
  3171 | D:5      | Entered Level 5 of the Dungeon
  3197 | D:5      | Reached *** piety under Trog
  3198 | D:5      | Reached XP level 7. HP: 62/66 MP: 6/6
  3563 | D:5      | Found a glowing golden altar of the Shining One.
  3853 | D:5      | Found a blossoming altar of Fedhas.
  4088 | D:6      | Reached XP level 8. HP: 59/77 MP: 7/7
  4096 | D:6      | HP: 5/114 [wight/+0 halberd (1)]
  4097 | D:6      | Slain by a bullfrog zombie

Illustrated notes

Levels and vault maps discovered:
D:1:      scummos_arrival_simple_crosswalls, layout_loops_ring,
          minmay_misc_feat_roman
D:2:      layout_loops_corners, shapermc_ecumenical_altar_totnotflames,
          small_statue_intersection, uniq_terence
D:3:      layout_rooms, hangedman_abyss_or_decor_lesser_grid,
          kennysheep_generic_room_2
D:4:      layout_basic, minmay_temple_entry_large_hall, uniq_grinder
D:5:      layout_cave_pools, fedhas_bush_and_centaur_altar, tso_oasis_becter
D:6:      layout_basic, kiku_gazebo_pond_becter,
          nicolae_yredelemnul_ghost_church, serial_undead, serial_undead_d,
          serial_undead_a, serial_undead_d, serial_undead_b, uniq_eustachio

Skill      XL: |  1  2  3  4  5  6  7  8 |
---------------+-------------------------+-----
Fighting       | 4 5 6 7 8 9 |  9.2
Long Blades    | 4 5 6 7 8 9 |  9.2
Armour         | |  2.4
Dodging        | |  2.1

Action                   |  1- 3 |  4- 6 |  7- 9 || total
-------------------------+-------+-------+-------++-------
Melee: Falchion          |    69 |   118 |    67 ||   254
       Headbutt          |     5 |    20 |    13 ||    38
       Punch             |       |     3 |       ||     3
       Long sword        |       |       |    14 ||    14
Invok: Berserk           |     1 |     2 |     2 ||     5
       Trog's Hand       |       |     1 |     1 ||     2
Armor: Animal skin       |     7 |       |       ||     7
       Ring mail         |    17 |    41 |    23 ||    81
Dodge: Dodged            |    55 |    56 |    53 ||   164

Table legend: (Time is in decaauts)
 A = Elapsed time spent in this place.
 B = Non-inter-level travel time spent in this place.
 C = Inter-level travel time spent in this place.
 D = Time resting spent in this place.
 E = Time spent auto-exploring this place.
 F = Levels seen in this place.
 G = Mean time per level.
                   A        B        C        D        E       F      G
               +--------+--------+--------+--------+--------+-----+--------+
         Total |   4131 |   4046 |     85 |    582 |   2823 |   6 |  688.5 |
       Dungeon |   4131 |   4046 |     85 |    582 |   2823 |   6 |  688.5 |
               +--------+--------+--------+--------+--------+-----+--------+

Top non-repeatable levels by time:
     D:4: 921 daAuts
     D:5: 909 daAuts
     D:2: 833 daAuts
     D:1: 815 daAuts
     D:3: 631 daAuts
     D:6: 19 daAuts
